 Dungeon Crawl Stone Soup version 0.27.1-36-g1b1ada6b1e (webtiles) character file.

Game seed: 15407085084223228410

7500 Froggeryz the Cruncher (level 11, -6/72 HPs)
             Began as an Octopode Berserker on Jan 13, 2023.
             Was a High Priest of Trog.
             Mangled by a centaur warrior (13 damage)
             ... on level 8 of the Dungeon on Jan 20, 2023.
             The game lasted 00:11:14 (9977 turns).

Froggeryz the Cruncher (Octopode Berserker)         Turns: 9977, Time: 00:11:14

Health: -6/72      AC:  1    Str: 17    XL:     11   Next: 16%
Magic:  0/3        EV: 21    Int:  9    God:    Trog [*****.]
Gold:   351        SH:  0    Dex: 15    Spells: 10/10 levels left

rFire    . . .     SeeInvis .   d - +7 lajatang "Gaunuoja" {antimagic, rElec}
rCold    . . .     Faith    .   (shield currently unavailable)
rNeg     . . .     Spirit   +   (helmet restricted)
rPois    .         Reflect  .   b - amulet of guardian spirit
rElec    +         Harm     .   q - +4 ring of evasion
rCorr    .         Rampage  .   (no ring)
Will     ++...                  (no ring)
Stlth    ++++......             (no ring)
HPRegen  1.22/turn              (no ring)
MPRegen  0.08/turn              (no ring)
                                (no ring)
                                (no ring)

@: mighty, strong-willed, on berserk cooldown, regenerating, slowed, very slow
A: almost no armour, amphibious, 8 rings, camouflage 1, gelatinous body 1,
(nimble swimmer 1), tentacles
a: Renounce Religion, Berserk, Trog's Hand, Brothers in Arms


You were on level 8 of the Dungeon.
You worshipped Trog.
Trog was extremely pleased with you.
You visited 1 branch of the dungeon, and saw 8 of its levels.
You also visited: Ossuary.

You collected 505 gold pieces.
You spent 154 gold pieces at shops.

Inventory:

Hand Weapons
 d - the +7 lajatang "Gaunuoja" (weapon) {antimagic, rElec}
   (You acquired it on level 3 of the Dungeon)

   It reduces the magical energy of the wielder, and disrupts the spells and
   magical abilities of those it strikes.
   Natural abilities and divine invocations are not affected.
   rElec:     It insulates you from electricity.
 r - a +2 short sword of draining
Missiles
 e - 35 poisoned darts (quivered)
 w - 4 throwing nets
Jewellery
 b - an amulet of guardian spirit (around mantle)
 q - a +4 ring of evasion (left tentacle)
Wands
 a - a wand of polymorph (8)
 m - a wand of paralysis (7)
Scrolls
 c - a scroll of amnesia {unknown}
 i - 2 scrolls of immolation
 k - 3 scrolls of magic mapping
 l - 3 scrolls of teleportation
 o - a scroll of blinking
 p - a scroll of fear
 t - a scroll of fog
 x - a scroll of brand weapon
 y - a scroll of torment {unknown}
Potions
 f - 2 potions of haste
 g - 5 potions of flight
 h - a potion of curing
 n - a potion of ambrosia
 s - a potion of cancellation
 u - a potion of mutation {unknown}
 v - a potion of magic
 z - a potion of resistance


   Skills:
 - Level 5.2 Fighting
 - Level 5.4 Short Blades
 * Level 12.4 Staves
 + Level 9.2 Dodging
 - Level 4.0 Stealth


You had 10 spell levels left.
You didn't know any spells.
Your spell library was empty.

Dungeon Overview and Level Annotations

Branches:
Dungeon (8/15)             Temple (0/1) D:6         Ossuary (visited)
   Lair: D:8-11

Altars:
Gozag
Hepliaklqana
Kikubaaqudgha
Makhleb
Qazlal
Ru
Sif Muna
Trog
Vehumet
Wu Jian
Yredelemnul

Shops:
D:6 (   D:8 *


Innate Abilities, Weirdness & Mutations

You cannot wear most types of armour.
You are amphibious.
You can wear up to eight rings at the same time.
Your skin changes colour to match your surroundings (Stealth+).
Your rubbery body absorbs attacks. (AC +1, EV +1)
((You are camouflaged near water. (Stealth+)))
You have tentacles for arms and can constrict up to eight enemies at once.


Message History

* * * LOW HITPOINT WARNING * * *
You hear an angry hiss.
There is an open door, spattered with blood here.
You are no longer berserk.
You are exhausted.
You feel yourself slow down.
You close the door.
Okay, then.
Okay, then.
You feel better.
A centaur warrior opens the door.
You're still recovering from your berserk rage.
You barely miss the centaur warrior. You squeeze the centaur warrior!
The centaur warrior is lightly wounded.
The centaur warrior unwields a +0 shortbow.
The centaur warrior barely misses you. The centaur warrior kicks you.
* * * LOW HITPOINT WARNING * * *
You feel better. The centaur warrior closely misses you.
The centaur warrior kicks you.
* * * LOW HITPOINT WARNING * * *
The centaur warrior closely misses you. The centaur warrior misses you.
The centaur warrior completely misses you.
The centaur warrior closely misses you.
Okay, then.
Your skin crawls.
You feel strong-willed. The centaur warrior hits you.
* * * LOW HITPOINT WARNING * * *
The centaur warrior barely misses you. The centaur warrior hits you.
* * * LOW HITPOINT WARNING * * *
The centaur warrior kicks you.
* * * LOW HITPOINT WARNING * * *
You feel better.
The centaur warrior completely misses you. x2
The centaur warrior hits you!
* * * LOW HITPOINT WARNING * * *
The centaur warrior kicks you but does no damage.
It was a potion of might.
You feel very mighty all of a sudden. The centaur warrior hits you!
You die...

...#..# ...##.##
...##..################
...###.#≈≈≈≈≈≈)≈≈≈≈≈≈≈≈
...#
#.≈#######).#######
.###
#.≈#.....'..#..(..# .#
#.≈#.....#..#.....# .#
#.≈#.##..#.(#..##.# .#
#.≈# #. #.@#..# .# #.≈#
#. #..c.)# ##
#.≈......####h)....≈.
#.≈......# ≈......≈.
#.≈......# 8≈..####≈.
#.≈#'#####≈≈≈... .
#.≈#.h .......# #.≈#
........# #.≈#
##..#.....


You could see a centaur warrior and a black bear.

Vanquished Creatures
  Harold (D:7)
  A two-headed ogre (D:8)
  Pikel (D:7)
  A cyclops (D:8)
  Maggie (D:7)
  Grinder (D:6)
  Sigmund (D:2)
  A wyvern (D:8)
  A yak (D:8)
  Eustachio (D:6)
  3 steam dragons
  Menkaure (D:6)
  Edmund (D:6)
  2 water moccasins
  2 black bears
  An ice beast (D:7)
  3 orc warriors
  An ogre (D:5)
  A necrophage (D:8)
  A centaur (D:6)
  A lemure (D:7)
  A phantom (D:4)
  3 kobold brigands (D:8)
  Blork the orc (D:5)
  5 scorpions
  5 bullfrogs
  A gnoll sergeant (D:5)
  2 elf skeletons (D:5)
  A killer bee (D:8)
  2 wights (D:8)
  3 howler monkeys
  2 centaur zombies
  4 jellies
  A centaur skeleton (D:7)
  A gnoll shaman (D:7)
  3 orc priests
  Crazy Yiuf (D:5)
  3 human skeletons (D:5)
  3 iguanas
  Ijyb (D:5)
  11 orc wizards
  Terence (D:2)
  2 killer bee zombies
  A hound zombie (D:5)
  2 hound skeletons (D:4)
  2 mummies (Ossuary)
  Robin (D:2)
  8 gnolls
  A howler monkey skeleton (D:4)
  8 adders
  A shadow imp (D:5)
  2 white imps
  An ufetubus (D:5)
  26 orcs
  7 ball pythons
  13 endoplasms
  4 giant cockroaches
  16 goblins
  10 hobgoblins
  8 jackals
  7 kobolds
  4 quokkas
  2 bats
  3 frilled lizards
  4 gnoll zombies (Ossuary)
  4 goblin zombies (Ossuary)
  4 hobgoblin zombies (Ossuary)
  2 orc zombies
  8 rats
  A spectral goblin (D:5)
234 creatures vanquished.

Vanquished Creatures (others)
  2 kobolds (D:8)
  2 fungi (D:5)
4 creatures vanquished.

Grand Total: 238 creatures vanquished

Notes
Turn   | Place    | Note
-------+----------+-------------------------------------------
     0 | D:1      | Froggeryz the Octopode Berserker began the quest for the
                  | Orb.
     0 | D:1      | Reached XP level 1. HP: 16/16 MP: 1/1
   296 | D:1      | Reached XP level 2. HP: 8/21 MP: 2/2
   510 | D:1      | Found a faded altar of an unknown god.
   523 | D:1      | You fall into a shaft and drop 1 floor!
   717 | D:1      | Reached skill level 1 in Stealth
   717 | D:1      | Reached XP level 3. HP: 15/26 MP: 1/3
  1590 | D:2      | Reached ** piety under Trog
  1591 | D:2      | Reached XP level 4. HP: 27/31 MP: 4/4
  2011 | D:2      | Noticed Terence
  2020 | D:2      | Killed Terence
  2150 | D:2      | Noticed Robin
  2152 | D:2      | Upgraded the game from 0.27.1-35-g4d5d836560 to
                  | 0.27.1-36-g1b1ada6b1e
  2183 | D:2      | Killed Robin
  2199 | D:2      | Reached XP level 5. HP: 32/37 MP: 3/5
  2249 | D:2      | Noticed Sigmund
  2265 | D:2      | Killed Sigmund
  2266 | D:2      | Reached skill level 5 in Short Blades
  2266 | D:2      | Reached XP level 6. HP: 36/43 MP: 3/6
  2653 | D:3      | Found an opulent altar of Gozag.
  2698 | D:3      | Found an ornate altar of the Wu Jian Council.
  2704 | D:3      | Found a stormy altar of Qazlal.
  2780 | D:3      | Identified a scroll of acquirement
  2780 | D:3      | Acquired the +7 lajatang "Gaunuoja" {antimagic, rElec}
  2832 | D:3      | Found a burning altar of Makhleb.
  2944 | D:3      | Found a shimmering blue altar of Sif Muna.
  3128 | D:4      | Reached skill level 1 in Staves
  3132 | D:4      | Reached *** piety under Trog
  3486 | D:4      | Found a sacrificial altar of Ru.
  3495 | D:4      | Reached skill level 2 in Staves
  3553 | D:4      | Reached XP level 7. HP: 49/49 MP: 2/7
  3818 | D:4      | Reached skill level 3 in Staves
  3922 | D:4      | Reached skill level 5 in Fighting
  4328 | D:5      | Entered Level 5 of the Dungeon
  4409 | D:5      | Reached skill level 4 in Staves
  4435 | D:5      | Noticed Ijyb
  4443 | D:5      | Killed Ijyb
  4447 | D:5      | Noticed a steam dragon
  4449 | D:5      | Noticed a steam dragon
  4455 | D:5      | Killed a steam dragon
  4456 | D:5      | Reached XP level 8. HP: 55/55 MP: 2/8
  4461 | D:5      | Reached skill level 5 in Staves
  4651 | D:5      | Reached skill level 6 in Staves
  4682 | D:5      | Found a sand-covered staircase.
  4690 | Ossuary  | Entered an ossuary
  5040 | Ossuary  | Reached **** piety under Trog
  5196 | D:5      | Reached skill level 5 in Dodging
  5199 | D:5      | Reached skill level 7 in Staves
  5495 | D:5      | Found an ancient bone altar of Kikubaaqudgha.
  5502 | D:5      | Reached XP level 9. HP: 61/61 MP: 3/9
  5510 | D:5      | Found a hazy altar of Hepliaklqana.
  5546 | D:5      | Noticed Blork the orc
  5552 | D:5      | Killed Blork the orc
  5752 | D:5      | Found a runed translucent door.
  5754 | D:5      | Noticed Crazy Yiuf
  5851 | D:5      | Killed Crazy Yiuf
  5855 | D:5      | Identified the +7 mace "Pusaipto" {speed, *Slow rElec rN+
                  | Dex+4}
  5885 | D:6      | Noticed Menkaure
  5889 | D:6      | Found a staircase to the Ecumenical Temple.
  5892 | D:6      | Killed Menkaure
  5893 | D:6      | Reached skill level 8 in Staves
  6292 | D:6      | Noticed Edmund
  6298 | D:6      | Killed Edmund
  6330 | D:6      | Noticed Eustachio
  6331 | D:6      | Noticed Grinder
  6337 | D:6      | Killed Eustachio
  6341 | D:6      | Killed Grinder
  6344 | D:6      | Reached ***** piety under Trog
  6432 | D:6      | Reached skill level 9 in Staves
  6688 | D:6      | Found Wutealef's Weapon Boutique.
  6935 | D:6      | Found a bloodstained altar of Trog.
  7541 | D:7      | Noticed Maggie
  7556 | D:7      | Killed Maggie
  7557 | D:7      | Reached skill level 10 in Staves
  7557 | D:7      | Reached XP level 10. HP: 48/66 MP: 2/10
  7855 | D:7      | Noticed Pikel
  7865 | D:7      | Killed Pikel
  8008 | D:7      | Found a basalt altar of Yredelemnul.
  8221 | D:7      | Identified the +0 pair of gloves of the Morning {rC+ rN+
                  | Str-3}
  8385 | D:7      | Noticed Harold
  8397 | D:7      | Killed Harold
  8398 | D:7      | Reached skill level 11 in Staves
  8567 | D:7      | Found a radiant altar of Vehumet.
  8871 | D:8      | Found Hoips's General Store.
  8896 | D:8      | Bought a potion of resistance for 140 gold pieces
  8896 | D:8      | Bought a scroll of noise for 14 gold pieces
  9403 | D:8      | Noticed a two-headed ogre
  9429 | D:8      | Killed a two-headed ogre
  9489 | D:8      | Reached skill level 12 in Staves
  9492 | D:8      | Reached XP level 11. HP: 62/72 MP: 3/11
  9956 | D:8      | Noticed a cyclops
  9964 | D:8      | Killed a cyclops
  9966 | D:8      | Noticed a centaur warrior
  9977 | D:8      | Mangled by a centaur warrior

Illustrated notes

Levels and vault maps discovered:
D:1:      kennysheep_arrival_forest, layout_loops_ring,
          shapermc_ecumenical_altar_ellora, chequers_serial_rivers_small_b,
          grunt_decor_one_mirror
D:2:      layout_basic, uniq_sigmund, uniq_terence, uniq_robin
D:3:      layout_rooms, led_sif_pool, nicolae_overflow_crystal_walls,
          grunt_temple_overflow_open
D:4:      kennysheep_six_static_rooms, layout_basic,
          nicolae_ru_great_annihilating_truth
D:5:      kennysheep_steamy, layout_basic, mainiacjoe_overflow_chevrons,
          nicolae_hepliaklqana_monster_ancestors, portal_sewer_entry_f,
          nicolae_ossuary_entry_catacombs, uniq_crazy_yiuf_cottage,
          uniq_blork_the_orc, uniq_ijyb
D:6:      layout_basic, kennysheep_little_box, minmay_temple_entry_stoned_glass,
          serial_shops, nicolae_diamond_shop, uniq_eustachio, uniq_menkaure,
          uniq_grinder, uniq_edmund
D:7:      layout_basic, general_overflow_altar, lemuel_coloured_pillars_altar,
          kennysheep_cross_bottleneck, uniq_pikel, uniq_maggie, uniq_harold
D:8:      cheibrodos_ideogram_h, layout_basic, serial_shops, shop_statue

Skill      XL: |  1  2  3  4  5  6  7  8  9 10 11 |
---------------+----------------------------------+-----
Stealth        | 1 2 3 4 |  4.0
Short Blades   | 4 5 |  5.4
Fighting       | 4 5 |  5.2
Staves         | 2 4 7 10 12 | 12.4
Dodging        | 5 7 8 9 |  9.2

Action                   |  1- 3 |  4- 6 |  7- 9 | 10-12 || total
-------------------------+-------+-------+-------+-------++-------
Melee: Short sword       |    63 |    77 |       |       ||   140
       Tentacles         |     7 |    18 |    45 |    30 ||   100
       Constrict         |     9 |    26 |    52 |    19 ||   106
       Lajatang          |       |    35 |   193 |   110 ||   338
Throw: Dart              |       |       |       |     1 ||     1
Invok: Berserk           |     1 |     2 |     1 |     4 ||     8
       Trog's Hand       |       |     1 |     1 |     3 ||     5
  Use: Scroll            |       |     1 |       |    14 ||    15
       Potion            |       |       |       |     4 ||     4
 Stab: Sleeping          |    10 |    12 |    19 |     4 ||    45
       Paralysed         |       |     1 |       |       ||     1
       Distracted        |       |       |     2 |     1 ||     3
Armor: Skin              |     2 |     3 |     4 |     2 ||    11
Dodge: Dodged            |    33 |    61 |   126 |    84 ||   304
